 Dungeon Crawl Stone Soup version bcrawl-1.40.3b (webtiles) character file.

Game seed: 4960051102723961096

151082 Nixze the Stinger (level 6, -2/52 HPs)
             Began as a Naga Venom Mage on Feb 14, 2024.
             Was an Initiate of Cheibriados.
             Slain by an ice beast (4 damage)
             ... on level 5 of the Dungeon.
             The game lasted 00:21:56 (4390 turns).

Nixze the Stinger (Naga Venom Mage)                 Turns: 4390, Time: 00:21:57

Health: -2/52      AC:  4    Str: 12    XL:     6   Next: 90%
Magic:  2/9        EV: 10    Int: 18    God:    Cheibriados [......]
Gold:   226        SH:  0    Dex: 12    Spells: 2/9 levels left

rFire    . . .     GDR:     24%   - Fists (3.2)
rCold    . . .     SeeInvis +   (no shield)
rNeg     . . .     Gourm    .   a - +0 robe
rPois    +         Faith    .   (no helmet)
rElec    .         Spirit   .   (no cloak)
rCorr    .         Reflect  .   n - +0 pair of gloves
MR       .....                  (no barding)
Stlth    ++++......             (no amulet)
HPRegen  0.18/turn              s - ring of stealth
MPRegen  0.11/turn              (no ring)

@: very slow
A: large, tail, swims, see invisible, deformed body, poison resistance, slowness
2, slow metabolism 1, spit poison 1, AC +2
a: Spit Poison, Bend Time, Renounce Religion


You were on level 5 of the Dungeon.
You worshipped Cheibriados.
Cheibriados was noncommittal.
You were not hungry.

You visited 1 branch of the dungeon, and saw 5 of its levels.

You collected 226 gold pieces.

Inventory:

Missiles
 j - 895 stones (quivered)
 o - 131 poisoned needles
Armour
 a - a +0 robe (worn)
 n - a +0 pair of gloves (worn)
Jewellery
 s - a ring of stealth (left hand)
Wands
 u - a wand of clouds (3)
Scrolls
 b - a scroll of blinking
 f - a scroll of enchant armour {unknown}
 h - 3 scrolls of enchant weapon
 i - 2 scrolls of identify
 m - a scroll of amnesia
 q - a scroll of noise
 t - a scroll of fog {unknown}
Potions
 c - a potion of berserk rage
 d - a potion of degeneration
 g - a potion of heal wounds {unknown}
 l - a potion of cancellation
 p - a potion of mutation {unknown}
 v - a potion of invisibility {unknown}
Comestibles
 e - 4 rations {!d}


   Skills:
 - Level 2.0 Fighting
 - Level 2.0 Dodging
 - Level 4.0 Stealth
 - Level 2.0 Spellcasting
 - Level 3.0 Conjurations
 - Level 2.0 Summonings
 - Level 3.0 Air Magic
 - Level 5.0 Poison Magic
 + Level 2.6 Invocations


You had 2 spell levels left.
You knew the following spells:

 Your Spells              Type           Power        Failure   Level  Hunger
a - Sting                 Conj/Pois      ###.         3%          1    None
b - Poisonous Vapours     Pois/Air       ###...       5%          2    ##.....
c - Summon Scorpions      Summ/Pois      ##......     38%         4    ######.

Your spell library contained the following spells:

 Spells                   Type           Power        Failure   Level  Hunger
 Olgreb's Toxic Radiance  Pois           ###......    22%         4    ######.
 Ignite Poison            Fire/Tmut/Pois #.......     28%         3    ####...
 Venom Bolt               Conj/Pois      ###.......   67%         5    #######


Dungeon Overview and Level Annotations

Branches:
Dungeon (5/12)
 Temple: D:4-7

Altars:
Cheibriados
Makhleb
Ru
Xom
Yredelemnul

Annotations:
D:4 2 transporters
D:5 exclusions: ice beast and phantom


Innate Abilities, Weirdness & Mutations

You cannot wear boots.
You can swim through water.
Your serpentine skin is tough. (AC +2)
You have supernaturally acute eyesight. (SInv)
Armour fits poorly on your strangely shaped body.
Your system is resistant to poisons. (rPois)
You cover ground very slowly.
You have a slow metabolism.
You can spit poison.


Message History

You feel strangely unstable. The ice beast hits you. The ice beast freezes you!
The wyvern skeleton barely misses you.
It was a potion of cancellation.
You feel strangely stable.
You feel magically purged. The wyvern skeleton bites you.
The ice beast hits you.
* * * LOW HITPOINT WARNING * * *
The ice beast freezes you!
* * * LOW HITPOINT WARNING * * *
Okay, then.
Unknown command.
Unknown command.
Okay, then.
Unknown command.
Casting: Poisonous Vapours (safe; 5% risk of failure)
Confirm with . or Enter, or press ? or * to list all spells.
A scorpion appears.
The wyvern skeleton bites you.
* * * LOW HITPOINT WARNING * * *
The ice beast hits you.
You die...

##.###.................#.#
#.#.##
#........###.##.#..###.#.#
#.#.#. ######.........(...#
#.#.# #.#.#. #.............##
#.#.# #.#.#. #..#####.#..#.#
#.#.###.#.#. #..#
#.#.#######.#.....#.#. #..#
#....s........#.....#.
#..#######...Z...............
#....#......@Y.....###...#.#.
#..#.#.###########.###...#.#.
##.....# #...........#.
###.### #.....?...###.
#.###########.........# #.
#....)......#.........# #.
###########.#.........# #.
#.#.......).# #.
#.#.........# ##


You could see an ice beast, a wyvern skeleton and a friendly scorpion.

Vanquished Creatures
  An ogre (D:5)
  A scorpion (D:5)
  An orc priest (D:3)
  A crimson imp (D:5)
  Jessica (D:2)
  A worker ant (D:4)
  A hound skeleton (D:5)
  4 adders
  An ooze (D:2)
  2 worms
  2 dart slugs
  6 leopard geckos
  6 orcs
  A ball python (D:4)
  3 giant cockroaches
  9 goblins
  11 hobgoblins
  8 jackals
  5 quokkas
  5 bats
  4 frilled lizards
  10 kobolds
  4 rats
88 creatures vanquished.

Notes
Turn   | Place    | Note
-------+----------+-------------------------------------------
     0 | D:1      | Nixze the Naga Venom Mage began the quest for the Orb.
     0 | D:1      | Reached XP level 1. HP: 15/15 MP: 3/3
    88 | D:1      | Reached skill level 1 in Fighting
   151 | D:1      | Reached XP level 2. HP: 20/25 MP: 0/5
   586 | D:1      | Reached XP level 3. HP: 32/32 MP: 2/6
  1230 | D:2      | Learned a level 2 spell: Poisonous Vapours
  1241 | D:2      | Found a basalt altar of Yredelemnul.
  1248 | D:2      | Reached XP level 4. HP: 39/39 MP: 0/7
  1320 | D:2      | Noticed Jessica
  1339 | D:2      | Killed Jessica
  1340 | D:2      | Reached skill level 1 in Air Magic
  1828 | D:3      | Reached XP level 5. HP: 45/45 MP: 1/8
  2391 | D:3      | Found a sacrificial altar of Ru.
  2883 | D:4      | Found a shimmering altar of Xom.
  3013 | D:4      | Found a transporter.
  3333 | D:4      | Found a transporter.
  3336 | D:4      | Noticed a fire bat
  3336 | D:4      | Noticed a fire bat
  3682 | D:5      | Entered Level 5 of the Dungeon
  3713 | D:5      | Noticed a phantom
  3720 | D:5      | Learned a level 4 spell: Summon Scorpions
  3755 | D:5      | Found a burning altar of Makhleb.
  3757 | D:5      | Found a snail-covered altar of Cheibriados.
  3768 | D:5      | Became a worshipper of Cheibriados the Contemplative
  3995 | D:5      | Reached XP level 6. HP: 38/52 MP: 9/9
  4089 | D:5      | Reached skill level 1 in Summonings
  4089 | D:5      | Reached skill level 5 in Poison Magic
  4089 | D:5      | Reached skill level 1 in Invocations
  4094 | D:5      | Noticed an ice beast
  4390 | D:5      | HP: 2/52 [wyvern skeleton (6)]
  4390 | D:5      | Slain by an ice beast

Skill      XL: |  1  2  3  4  5  6 |
---------------+-------------------+-----
Fighting       | 1 2 |  2.0
Conjurations   | 2 3 |  3.0
Air Magic      | 2 3 |  3.0
Dodging        | 2 |  2.0
Stealth        | 4 |  4.0
Summonings     | 2 |  2.0
Poison Magic   | 5 |  5.0
Invocations    | 2 |  2.6
Spellcasting   | |  2.0

Action                   |  1- 3 |  4- 6 || total
-------------------------+-------+-------++-------
Melee: Dagger            |    32 |     7 ||    39
       Unarmed           |       |    26 ||    26
       Whip              |       |     9 ||     9
Throw: Stone             |    12 |    34 ||    46
 Cast: Sting             |    71 |    14 ||    85
       Poisonous Vapours |     3 |    59 ||    62
       Summon Scorpions  |       |     1 ||     1
Invok: Bend Time         |       |     1 ||     1
 Abil: Spit Poison       |     1 |     4 ||     5
Evoke: Wand              |       |     2 ||     2
  Use: Scroll            |       |     7 ||     7
       Potion            |       |     1 ||     1
  Eat: Chunk             |     2 |    13 ||    15
       Ration            |       |     1 ||     1
Armor: Robe              |     9 |    15 ||    24
Dodge: Dodged            |    15 |    33 ||    48
